 Dungeon Sprint DCSS version 0.30-a0-605-gb2882149bf (webtiles) character file.

Game seed: 275430149234323868

2311 NinjaNoafa the Spry (level 9, -6/49 HPs)
             Began as a Felid Summoner on Jan 7, 2023.
             Was an Initiate of Gozag.
             Mangled by a molten gargoyle
             ... wielding a +0 mace
              (9 damage)
             ... in the Dungeon (Sprint VII: "The Pits").
             The game lasted 00:11:21 (1424 turns).

NinjaNoafa the Spry (Felid Summoner)                Turns: 1424, Time: 00:11:22

Health: -6/49      AC:  2    Str:  4    XL:     9   Next: 18%
Magic:  20/24      EV: 31    Int: 23    God:    Gozag
Gold:   369        SH:  0    Dex: 17    Spells: 15/28 levels left
                                        Lives:  0   Deaths: 2

rFire   . . .      SeeInvis +    (weapon unavailable)
rCold   . . .      Faith    .    (shield unavailable)
rNeg    . . .      Spirit   .    (body armour unavailable)
rPois   .          Reflect  .    (helmet unavailable)
rElec   .          Harm     .    (cloak unavailable)
rCorr   .          Rampage  .    (gloves unavailable)
Will    +....      NoTele   +    (boots unavailable)
Stlth   ++                       o - amulet of magic regeneration
HPRegen 0.28/turn                k - +3 ring of intelligence
MPRegen 0.59/turn                n - +3 ring of evasion

@: on berserk cooldown, slowed, slow
A: very small, claws 1, fangs 3, see invisible, speed 1, shaggy fur 2, stealthy
paws, no weapons or thrown items, no armour, multi-lived
a: Renounce Religion, Potion Petition, Call Merchant, Bribe Branch


You were in the Dungeon.
You worshipped Gozag.
Gozag was aware of your devotion.
You visited 1 branch You collected 2664 gold pieces.
You spent 892 gold pieces at shops.
You paid 1403 gold pieces to Gozag.

Inventory:

Jewellery
 k - a +3 ring of intelligence (left paw)
 n - a +3 ring of evasion (right paw)
 o - an amulet of magic regeneration (around neck)
Scrolls
 h - 5 scrolls of amnesia
 i - a scroll of butterflies
 j - 2 scrolls of vulnerability
Potions
 a - 5 potions of magic
 b - 8 potions of curing
 c - 8 potions of heal wounds
 d - a potion of haste
 e - 4 potions of berserk rage
 g - 2 potions of invisibility
 l - a potion of brilliance
 m - a potion of resistance


   Skills:
 - Level 12.0 Fighting
 - Level 15.6 Dodging
 - Level 2.6 Stealth
 - Level 10.0 Spellcasting
 - Level 5.0 Hexes
 + Level 11.5 Summonings
 + Level 8.2 Translocations
 - Level 7.0 Air Magic


You had 15 spell levels left.
You knew the following spells:

 Your Spells              Type           Power      Damage    Failure   Level
a - Summon Small Mammal   Summ           100%       N/A       1%          1
b - Call Imp              Summ           59%        N/A       1%          2
c - Call Canine Familiar  Summ           59%        N/A       1%          3
d - Summon Guardian Gole  Hex/Summ       49%        N/A       1%          3
e - Summon Lightning Spi  Summ/Air       52%        N/A       1%          4

Your spell library contained the following spells:

 Spells                   Type           Power      Damage    Failure   Level
 Malign Gateway           Summ/Tloc      27%        N/A       63%         7
 Summon Horrible Things   Summ           29%        N/A       97%         8


Dungeon Overview and Level Annotations

Branches:
Dungeon (1/1)

Altars:
Ashenzari
Cheibriados
Dithmenos
Elyvilon
Fedhas
Gozag
Hepliaklqana
Kikubaaqudgha
Makhleb
Nemelex Xobeh
Okawaru
Qazlal
Ru
Sif Muna
Trog
Uskayaw
Vehumet
Wu Jian
Xom
Yredelemnul
Zin
The Shining One
Jiyva
Lugonu

Shops:
D =:

Annotations:
D Gastronok


Innate Abilities, Weirdness & Mutations

You have sharp claws.
You have razor-sharp teeth.
You have supernaturally acute eyesight. (SInv)
You cover ground quickly. (Speed+)
You are covered in thick fur. (AC +2)
Your paws help you pounce on unaware monsters.
You are incapable of wielding weapons or throwing items.
You cannot wear armour.
You gain extra lives every three experience levels.


Message History

Gastronok the Ponderous comes into view.
He is wearing a +0 hat of see invisible.
A red film seems to cover your vision as you go berserk!
You feel yourself moving faster!
You feel mighty!
Your wolf bites the molten gargoyle.
The molten gargoyle blasts magma at you!
The bolt of magma misses you.
The bolt of magma hits your lightning spire!
Your lightning spire partially resists.
You feel a strong urge to attack something.
Your lightning spire disappears in a puff of smoke!
Okay, then.
Your wolf bites the molten gargoyle but does no damage.
There is an open door here.
You feel your anger nearly subside.
You see here a +0 hand axe.
You are no longer berserk.
You are exhausted.
You feel yourself slow down.
There is an entrance to Sinafiy's Book Emporium here.
You feel much better.
You feel much better.
Your wolf bites the molten gargoyle but does no damage.
The molten gargoyle hits you with a +0 mace.
You are engulfed in flames!
Your wolf bites the molten gargoyle.
The molten gargoyle attacks as you move away!
The molten gargoyle hits you with a +0 mace!
You are engulfed in flames!
* * * LOW HITPOINT WARNING * * *
Your wolf bites the molten gargoyle but does no damage.
Casting: Summon Guardian Golem (safe; 1% risk of failure)
Confirm with . or Enter, or press ? or * to list all spells.
An electric hum fills the air.
The molten gargoyle completely misses you.
Your wolf bites the molten gargoyle but does no damage.
Your quokka bites the molten gargoyle but does no damage.
The molten gargoyle hits you with a +0 mace!
* * * LOW HITPOINT WARNING * * *
You are engulfed in flames!
You die...
Your body crumbles into a pile of gold.

.#))#####'#####''######
##))##.......##''# ######## ###
.#5)##....)..##..# #.§....# k..
.#[[##.......##..# #'# ....
.#5###...<...##..# ##.## ..#
....##.......##.[# ##...## ..#
....##.......##(.####.....##.##
######.......##8.h##......#...#
.#..###########.@9r'..[...'...+
.#.############...##w○§☼..#...#
.#.#....#..[[##..####§.☼..##.##
.#'#....#..[[##..# ##$..## ..#
)#.'....'..))##..# ##w## ..#
.#'#....#..))##..# #'# ....
.'.#....#..))##..# ... h..
################## ##### ###


You could see Gastronok, a molten gargoyle (ally target), a friendly wolf
(summoned), a friendly lightning spire (summoned) and a friendly quokka
(summoned).

Vanquished Creatures
  A quasit (D)
  A bat zombie (D)
2 creatures vanquished.

Vanquished Creatures (collateral kills)
  A deep elf pyromancer (D)
  A deep elf zephyrmancer (D)
  A red devil (D)
  A warg (D)
  2 floating eyes (D)
  A hound (D)
  An orc priest (D)
  An orc wizard (D)
  A mummy (D)
  2 adders (D)
  A river rat (D)
  A white imp (D)
  An adder zombie (D)
  An adder skeleton (D)
  4 orcs (D)
  2 endoplasms (D)
  A giant cockroach (D)
  2 hobgoblins (D)
  6 jackals (D)
  A kobold (D)
  A quokka (D)
  2 frilled lizards (D)
35 creatures vanquished.

Vanquished Creatures (others)
  An anaconda (D)
  A two-headed ogre (D)
  A death yak (D)
  Pikel (D)
  A lindwurm (D)
  An orange demon (D)
  A polar bear (D)
  A snapping turtle (D)
  A flying skull (D)
  A quokka skeleton (D)
10 creatures vanquished.

Grand Total: 47 creatures vanquished

Notes
Turn   | Place    | Note
-------+----------+-------------------------------------------
     0 | D        | NinjaNoafa the Felid Summoner began the quest for the Orb.
     0 | D        | Reached XP level 1. HP: 7/7 MP: 4/4
    48 | D        | Found a glowing golden altar of the Shining One.
    48 | D        | Found a glowing silver altar of Zin.
    48 | D        | Found a basalt altar of Yredelemnul.
    48 | D        | Found a shimmering altar of Xom.
    48 | D        | Found an ornate altar of the Wu Jian Council.
    48 | D        | Found a bloodstained altar of Trog.
    48 | D        | Found a shimmering blue altar of Sif Muna.
    48 | D        | Found a sacrificial altar of Ru.
    48 | D        | Found a stormy altar of Qazlal.
    48 | D        | Found an iron altar of Okawaru.
    48 | D        | Found a sparkling altar of Nemelex Xobeh.
    48 | D        | Found a burning altar of Makhleb.
    48 | D        | Found a viscous altar of Jiyva.
    48 | D        | Found a hazy altar of Hepliaklqana.
    48 | D        | Found an opulent altar of Gozag.
    48 | D        | Found a blossoming altar of Fedhas.
    48 | D        | Found a white marble altar of Elyvilon.
    48 | D        | Found a shadowy altar of Dithmenos.
    48 | D        | Found a snail-covered altar of Cheibriados.
    49 | D        | Found a radiant altar of Vehumet.
    49 | D        | Found a corrupted altar of Lugonu.
    50 | D        | Found a hide-covered altar of Uskayaw.
    50 | D        | Found an ancient bone altar of Kikubaaqudgha.
    50 | D        | Found a broken altar of Ashenzari.
    65 | D        | Became a worshipper of Gozag Ym Sagoz the Greedy
    97 | D        | Reached XP level 2. HP: 11/11 MP: 2/7
   105 | D        | Reached skill level 5 in Summonings
   108 | D        | Learned a level 2 spell: Call Imp
   230 | D        | Noticed a floating eye
   235 | D        | Killed a floating eye
   236 | D        | Reached XP level 3. HP: 14/14 MP: 6/12
   236 | D        | Reached XP level 4. HP: 18/18 MP: 6/13
   321 | D        | Noticed a floating eye
   321 | D        | Noticed a lemure
   322 | D        | Paralysed by a floating eye for 4 turns
   330 | D        | Paralysed by a floating eye for 4 turns
   331 | D        | Noticed a lemure
   332 | D        | Noticed Pikel
   334 | D        | Noticed a lemure
   343 | D        | Paralysed by a floating eye for 2 turns
   344 | D        | Killed a floating eye
   345 | D        | Reached XP level 5. HP: 21/21 MP: 10/16
   350 | D        | Learned a level 3 spell: Summon Guardian Golem
   354 | D        | Learned a level 3 spell: Call Canine Familiar
   384 | D        | Killed Pikel
   385 | D        | Reached skill level 10 in Spellcasting
   385 | D        | Reached skill level 10 in Summonings
   385 | D        | Reached skill level 5 in Hexes
   385 | D        | Gained mutation: You are covered in thick fur. (AC +2)
                  | [Felid growth]
   385 | D        | Reached XP level 6. HP: 24/24 MP: 7/20
   385 | D        | Reached XP level 7. HP: 27/27 MP: 7/21
   550 | D        | Reached skill level 1 in Fighting
   550 | D        | Reached skill level 3 in Dodging
   555 | D        | Learned a level 4 spell: Summon Lightning Spire
   613 | D        | Noticed a red devil
   627 | D        | Killed a red devil
   628 | D        | Reached skill level 6 in Dodging
   672 | D        | Noticed a flying skull
   672 | D        | Noticed a two-headed ogre
   696 | D        | Killed a two-headed ogre
   697 | D        | Reached skill level 10 in Dodging
   697 | D        | Reached XP level 8. HP: 40/40 MP: 15/23
   701 | D        | Killed a flying skull
   904 | D        | Noticed a snapping turtle
   915 | D        | Reached skill level 11 in Dodging
   938 | D        | Killed a snapping turtle
   939 | D        | Reached XP level 9. HP: 16/45 MP: 11/24
   941 | D        | Bought an amulet of magic regeneration for 450 gold pieces
  1073 | D        | Noticed a death yak
  1073 | D        | Noticed an orange demon
  1073 | D        | Noticed a deep elf pyromancer
  1084 | D        | Killed a deep elf pyromancer
  1085 | D        | Reached skill level 10 in Fighting
  1085 | D        | Reached skill level 13 in Dodging
  1091 | D        | Killed an orange demon
  1098 | D        | Killed a death yak
  1099 | D        | Reached skill level 14 in Dodging
  1153 | D        | Noticed a lindwurm
  1153 | D        | Noticed a polar bear
  1165 | D        | Bought a Grand Grimoire for 442 gold pieces
  1173 | D        | Noticed a molten gargoyle
  1189 | D        | Noticed a deep elf zephyrmancer
  1195 | D        | Noticed a freezing wraith
  1197 | D        | Noticed a deep elf zephyrmancer
  1200 | D        | Noticed an anaconda
  1200 | D        | Killed from afar by a deep elf zephyrmancer
  1200 | D        | Killed a lindwurm
  1201 | D        | Reached XP level 8. HP: -16/45 MP: 15/23
  1201 | D        | Reached skill level 15 in Dodging
  1201 | D        | Reached XP level 9. HP: 48/48 MP: 24/24
  1222 | D        | Killed from afar by a deep elf zephyrmancer
  1223 | D        | Reached XP level 8. HP: -11/45 MP: 23/23
  1244 | D        | Killed an anaconda
  1260 | D        | Killed a deep elf zephyrmancer
  1261 | D        | Reached XP level 9. HP: 49/49 MP: 8/24
  1411 | D        | Killed a polar bear
  1415 | D        | Noticed Gastronok
  1424 | D        | Mangled by a molten gargoyle

Illustrated notes

Levels and vault maps discovered:
D:        pitsprint [storerooms_1, entrance_room_1, metal_vault_3, armoury_2,
          mini_pit_1, grid_room_1, main_hall_1, silver_pit, the_coven_1,
          the_vestibule_1, steel_vault_5, golden_pit, hallway_of_sentries,
          crystal_vault_1, iron_vault_1, final_vault]

Skill      XL: |  1  2  3  4  5  6  7  8  9 |
---------------+----------------------------+-----
Spellcasting   | 3 6 7 10 | 10.0
Summonings     | 7 9 10 11 | 11.5
Hexes          | 5 |  5.0
Air Magic      | 6 7 |  7.0
Fighting       | 7 12 11 | 12.0
Dodging        | 10 15 14 | 15.6
Translocations | 7 8 |  8.2
Stealth        | |  2.6

Action                   |  1- 3 |  4- 6 |  7- 9 || total
-------------------------+-------+-------+-------++-------
Melee: Unarmed           |       |       |     8 ||     8
       Bite              |       |       |     1 ||     1
 Cast: Summon Small Mamm |    11 |     4 |    10 ||    25
       Call Imp          |     3 |     2 |     6 ||    11
       Summon Guardian G |       |     1 |    13 ||    14
       Call Canine Famil |       |     1 |    11 ||    12
       Summon Lightning  |       |       |    21 ||    21
Invok: Call Merchant     |       |       |     2 ||     2
  Use: Potion            |       |       |     5 ||     5
       Scroll            |       |       |     1 ||     1
 Stab: Betrayed ally     |       |       |     1 ||     1
Armor: Skin              |       |       |     1 ||     1
Dodge: Dodged            |       |       |    76 ||    76

Table legend: (Time is in decaauts)
 A = Elapsed time spent in this place.
 B = Non-inter-level travel time spent in this place.
 C = Inter-level travel time spent in this place.
 D = Time resting spent in this place.
 E = Time spent auto-exploring this place.
 F = Levels seen in this place.
 G = Mean time per level.
                   A        B        C        D        E       F      G
               +--------+--------+--------+--------+--------+-----+--------+
         Total |   1318 |   1293 |     25 |     61 |    652 |   1 | 1318.0 |
       Dungeon |   1318 |   1293 |     25 |     61 |    652 |   1 | 1318.0 |
               +--------+--------+--------+--------+--------+-----+--------+

Top non-repeatable levels by time:
       D: 1318 daAuts
